 Dungeon Crawl Stone Soup version 0.26.0-91-g99b343417d (webtiles) character file.

Game seed: 12435708556888669263

273 BreadTh the Chopper (level 6, 0/52 HPs)
             Began as a Hill Orc Fighter on Feb 3, 2021.
             Was a Follower of Uskayaw.
             Slain by an iguana (6 damage)
             ... on level 5 of the Dungeon.
             The game lasted 00:09:01 (3002 turns).

BreadTh the Chopper (Hill Orc Fighter)              Turns: 3002, Time: 00:09:01

Health: 0/52       AC:  7    Str: 19    XL:     6   Next: 24%
Magic:  6/6        EV:  9    Int:  8    God:    Uskayaw [*.....]
Gold:   121        SH:  0    Dex: 12    Spells: 5/5 levels left

rFire    . . .     SeeInvis .   a - +0 war axe
rCold    . . .     Faith    .   (no shield)
rNeg     . . .     Spirit   .   b - +0 scale mail
rPois    .         Reflect  .   (no helmet)
rElec    .         Harm     .   (no cloak)
rCorr    .         Rampage  .   (no gloves)
Will     .....                  (no boots)
Stlth    ..........             (no amulet)
HPRegen  0.17/turn              (no ring)
MPRegen  0.10/turn              (no ring)

@: mighty
A: no striking features
a: Renounce Religion, Stomp


You were on level 5 of the Dungeon.
You worshipped Uskayaw.
Uskayaw was noncommittal.
You visited 1 branch of the dungeon, and saw 5 of its levels.

You collected 121 gold pieces.

Inventory:

Hand Weapons
 a - a +0 war axe (weapon)
Missiles
 v - 15 stones (quivered)
Armour
 b - a +0 scale mail (worn)
 c - a +0 kite shield
Scrolls
 f - 5 scrolls of identify {unknown}
 i - 2 scrolls of fear {unknown}
 j - 2 scrolls of remove curse {unknown}
 l - a scroll of fog {unknown}
 q - 2 scrolls of enchant armour {unknown}
 t - a scroll of amnesia {unknown}
Potions
 d - a potion of experience {unknown}
 e - 3 potions of curing {unknown}
 g - 3 potions of haste {unknown}
 h - 3 potions of heal wounds {unknown}
 k - 2 potions of invisibility {unknown}
 m - a potion of ambrosia {unknown}
 n - a potion of berserk rage {unknown}
 o - a potion of lignification {unknown}
 p - a potion of degeneration {unknown}
 r - a potion of cancellation {unknown}
 s - a potion of might
 u - a potion of flight {unknown}


   Skills:
 - Level 4.0 Fighting
 * Level 7.8 Axes
 - Level 4.0 Armour
 - Level 3.2 Shields


You had 5 spell levels left.
You didn't know any spells.
Your spell library contained the following spells:

 Spells                   Type           Power        Failure   Level
 Confusing Touch          Hex            0%           98%         3
 Gell's Gravitas          Tloc           0%           98%         3
 Petrify                  Tmut/Erth      0%           100%        4
 Metabolic Englaciation   Hex/Ice        0%           100%        5
 Yara's Violent Unravell  Hex/Tmut       0%           100%        5


Dungeon Overview and Level Annotations

Branches:
Dungeon (6/15)
 Temple: D:4-7

Altars:
Dithmenos
Qazlal
Ru
Uskayaw
Vehumet


Message History

The iguana is heavily wounded.
The iguana bites you but does no damage.
You hit the iguana but do no damage.
The iguana is heavily wounded.
The iguana bites you.
* * * LOW HITPOINT WARNING * * *
Unknown command.
You hit the iguana.
The iguana is heavily wounded.
The iguana bites you but does no damage.
The iguana bites you.
* * * LOW HITPOINT WARNING * * *
Unknown command.
You feel very mighty all of a sudden. The iguana bites you.
* * * LOW HITPOINT WARNING * * *
You hit the iguana but do no damage.
The iguana is heavily wounded.
The iguana bites you.
You die...

###.....######.###
...............#
......####..##.#
...............#
......#.....##.###
......#.#.#......#
#
......#.#.######.#
.# ........#.#
####l##.#
..........#
#..†@...#
#.#..######
####....# #.#.##
#.#### ###'######
#####.# ≈≈≈.≈≈≈#.#
#.....#
≈≈≈.≈≈≈#.###.#####
≈≈.≈.≈≈#.....#
..≈.≈..'.#####
≈≈.≈.≈≈###


You could see an iguana.

Vanquished Creatures
  A scorpion (D:5)
  A jelly (D:6)
  Terence (D:2)
  Natasha (thrice) (D:2)
  An adder (D:6)
  A worm (D:2)
  2 dart slugs (D:2)
  4 leopard geckos
  5 orcs (D:3)
  4 ball pythons
  A giant cockroach (D:3)
  4 goblins
  9 hobgoblins
  4 jackals (D:3)
  2 quokkas
  5 bats
  4 frilled lizards
  10 kobolds
  9 rats
71 creatures vanquished.

Notes
Turn   | Place    | Note
-------+----------+-------------------------------------------
     0 | D:1      | BreadTh the Hill Orc Fighter began the quest for the Orb.
     0 | D:1      | Reached XP level 1. HP: 19/19 MP: 1/1
    27 | D:1      | Reached skill level 3 in Axes
    76 | D:1      | Reached XP level 2. HP: 21/27 MP: 2/2
   277 | D:1      | Reached XP level 3. HP: 29/33 MP: 3/3
   552 | D:1      | Reached skill level 4 in Axes
   918 | D:2      | Noticed Natasha
   927 | D:2      | Killed Natasha
   928 | D:2      | Reached XP level 4. HP: 8/40 MP: 4/4
  1255 | D:2      | Noticed Natasha
  1270 | D:2      | Killed Natasha
  1271 | D:2      | Reached skill level 5 in Axes
  1702 | D:2      | Noticed Terence
  1708 | D:2      | Killed Terence
  1709 | D:2      | Reached XP level 5. HP: 45/46 MP: 5/5
  1824 | D:2      | Found a shadowy altar of Dithmenos.
  1937 | D:2      | Noticed Natasha
  1942 | D:2      | Killed Natasha
  1943 | D:2      | Reached skill level 6 in Axes
  2283 | D:3      | Found a sacrificial altar of Ru.
  2298 | D:3      | Found a radiant altar of Vehumet.
  2300 | D:3      | Found a stormy altar of Qazlal.
  2303 | D:3      | Found a hide-covered altar of Uskayaw.
  2323 | D:3      | Became a worshipper of Uskayaw the Reveller
  2358 | D:3      | Reached * piety under Uskayaw
  2514 | D:3      | You fall into a shaft and drop 3 floors!
  2693 | D:6      | Reached ** piety under Uskayaw
  2694 | D:6      | Reached skill level 7 in Axes
  2816 | D:5      | Entered Level 5 of the Dungeon
  2913 | D:5      | Reached XP level 6. HP: 27/52 MP: 6/6
  3002 | D:5      | Slain by an iguana

Illustrated notes

Levels and vault maps discovered:
D:1:      amcnicky_arrival_blooded_trapdoor, layout_rooms
D:2:      layout_loops_corners, lemuel_coloured_pillars_altar,
          kennysheep_generic_room_4, uniq_terence, uniq_natasha
D:3:      layout_basic, chequers_temple_overflow_statue_of_worship,
          nicolae_overflow_crystal_walls, minitemple
D:5:      layout_basic, kennysheep_mini_moat, basic_altar,
          kennysheep_generic_room_9
D:6:      layout_basic, uniq_grinder

Skill      XL: |  1  2  3  4  5 |
---------------+----------------+-----
Axes           | 3 4 5 7 |  7.8
Fighting       | 4 |  4.0
Armour         | 4 |  4.0
Shields        | |  3.2

Action                   |  1- 3 |  4- 6 || total
-------------------------+-------+-------++-------
Melee: War axe           |    77 |   107 ||   184
       Unarmed           |       |    10 ||    10
Invok: Stomp             |       |     1 ||     1
  Use: Potion            |     1 |     2 ||     3
Armor: Scale mail        |    33 |    54 ||    87
Dodge: Dodged            |    29 |    55 ||    84
